 Dungeon Crawl Stone Soup version 0.30-a0-1008-g30c9307041 (webtiles) character file.

Game seed: 16444985911680082726

441 bande the Covered (level 7, -6/43 HPs)
             Began as a Gargoyle Fighter on Apr 5, 2023.
             Mangled by a gnoll
             ... wielding a +0 heavy halberd
              (13 damage)
             ... on level 5 of the Dungeon.
             The game lasted 00:05:59 (3598 turns).

bande the Covered (Gargoyle Fighter)                Turns: 3598, Time: 00:06:00

Health: -6/43      AC: 16    Str: 19    XL:     7   Next: 2%
Magic:  7/7        EV:  7    Int:  9    God:
Gold:   248        SH:  5    Dex: 17    Spells: 5/6 levels left

rFire   . . .      SeeInvis .    a - +0 war axe
rCold   + . .      Faith    .    c - +0 buckler
rNeg    + . .      Spirit   .    q - +0 chain mail
rPois   ∞          Reflect  .    (no helmet)
rElec   +          Rampage  .    (no cloak)
rCorr   .                        s - +0 pair of gloves
Will    .....                    m - +0 pair of boots Stlth
                                 (no amulet)
HPRegen 0.27/turn                h - ring of protection from cold
MPRegen 0.10/turn                w - +6 ring of dexterity

@: no status effects
A: sickness immunity, AC +4, negative energy resistance 1, electricity
resistance, torment resistance 1, petrification resistance
a: no special abilities


You were on level 5 of the Dungeon.
You visited 1 branch of the dungeon, and saw 5 of its levels.

You collected 248 gold pieces.

Inventory:

Hand Weapons
 a - a +0 war axe (weapon)
 b - a +0 war axe
 p - a +0 war axe
Armour
 c - a +0 buckler (worn)
 m - a +0 pair of boots (worn)
 q - a +0 chain mail (worn)
 s - a +0 pair of gloves (worn)
Jewellery
 g - a ring of ice
 h - a ring of protection from cold (left hand)
 v - a ring of positive energy
 w - a +6 ring of dexterity (right hand)
Wands
 r - a wand of light (11)
 x - a wand of roots (10)
Scrolls
 e - 3 scrolls of fog
 k - 2 scrolls of teleportation
 l - a scroll of blinking
Potions
 d - a potion of might
 f - 2 potions of curing
 i - 3 potions of brilliance
 j - 2 potions of heal wounds
 n - a potion of degeneration {unknown}
 o - 3 potions of resistance {unknown}
 t - 2 potions of flight {unknown}
 u - 2 potions of invisibility {unknown}


   Skills:
 + Level 4.1 Fighting
 + Level 4.4 Axes
 + Level 4.6 Armour
 + Level 3.8 Shields
 * Level 2.4 Translocations
 * Level 0.9 Evocations


You had 5 spell levels left.
You knew the following spells:

 Your Spells              Type           Power      Damage    Failure   Level
a - Apportation           Tloc           8%         N/A       85%         1

Your spell library contained the following spells:

 Spells                   Type           Power      Damage    Failure   Level
 Kiss of Death            Conj/Necr      0%         2d5       99%         1
 Magic Dart               Conj           0%         1d3       99%         1
 Necrotise                Necr           0%         1d4       99%         1
 Summon Small Mammal      Summ           0%         N/A       99%         1
 Call Imp                 Summ           0%         N/A       99%         2
 Poisonous Vapours        Pois/Air       0%         N/A       99%         2
 Confusing Touch          Hex            0%         N/A       100%        3
 Inner Flame              Hex/Fire       0%         N/A       100%        3
 Mephitic Cloud           Conj/Pois/Air  0%         N/A       100%        3
 Dispel Undead            Necr           0%         3d6       100%        4
 Freezing Cloud           Conj/Ice/Air   0%         6-21      100%        5
 Yara's Violent Unravell  Hex/Tmut       0%         3d3       100%        5
 Enfeeble                 Hex            0%         N/A       100%        7


Dungeon Overview and Level Annotations

Branches:
Dungeon (5/15)
 Temple: D:4-7

Altars:
Fedhas
Kikubaaqudgha
Uskayaw
Vehumet
Wu Jian

Shops:
D:2 =   D:3 [   D:4 :


Innate Abilities, Weirdness & Mutations

You are immune to sickness and miasma.
Your stone body is resilient. (AC +4)
You are immune to poison.
You resist negative energy. (rN+)
You are resistant to electric shocks. (rElec)
You are resistant to unholy torment.
You are immune to petrification.


Message History

The gnoll hits you but does no damage. The hound bites you but does no damage.
Unknown command.
You slash the gnoll!
The gnoll is severely wounded.
You hit the gnoll but do no damage. You hit the hound but do no damage.
The hound bites you but does no damage. You block the gnoll's attack.
The gnoll closely misses you.
The gnoll hits you from afar with a +0 heavy halberd.
The hound closely misses you.
You slash the gnoll!
You kill the gnoll!
You barely miss the gnoll. You closely miss the hound.
The hound bites you but does no damage.
The gnoll hits you but does no damage. x2
You block the gnoll's attack. The hound bites you.
You have reached level 7!
The hound bites you but does no damage. The gnoll closely misses you.
The gnoll hits you but does no damage.
Things that are here:
a +0 whip; 5 stones You barely miss the gnoll.
You closely miss the hound. You closely miss the gnoll. The hound bites you.
The hound barely misses you. You block the gnoll's attack.
Unknown command.
You slash the gnoll!
The gnoll is severely wounded.
You hit the hound. You slash the gnoll! You block the hound's attack.
The gnoll hits you with a +0 heavy halberd!
* * * LOW HITPOINT WARNING * * *
The gnoll completely misses you. The hound bites you.
* * * LOW HITPOINT WARNING * * *
You feel much better. The hound bites you. The gnoll hits you with a +0 spear.
* * * LOW HITPOINT WARNING * * *
You block the gnoll's attack. The hound bites you.
* * * LOW HITPOINT WARNING * * *
You barely miss the gnoll.
The gnoll is severely wounded.
You barely miss the hound. You hit the gnoll.
The hound bites you but does no damage. The gnoll hits you but does no damage.
The gnoll hits you with a +0 heavy halberd!
You die...

.~.PP ######.........
.....##<...#......#.#
.......|..........# #
...........#......#
####......#......# #
#...)##........#.#
#.........##.#....
..#####g....)...##..###.
......g@h.......###.....
........................
................#####.<.
....####.........# #...
... #.........# #... ..
#..........# #... #
##########.# ####


You could see a hound and 2 gnolls.

Vanquished Creatures
  Duvessa (D:5)
  Dowan (D:5)
  2 hounds
  2 iguanas
  An orc wizard (D:4)
  3 adders
  A gnoll (D:5)
  A white imp (D:4)
  An ufetubus (D:5)
  4 worms
  3 dart slugs
  6 orcs
  5 bats
  3 endoplasms
  4 giant cockroaches
  7 goblins
  7 hobgoblins
  2 jackals (D:4)
  5 quokkas
  17 ball pythons
  2 frilled lizards
  6 kobolds
  7 rats
91 creatures vanquished.

Notes
Turn   | Place    | Note
-------+----------+-------------------------------------------
     0 | D:1      | bande the Gargoyle Fighter began the quest for the Orb.
     0 | D:1      | Reached XP level 1. HP: 14/14 MP: 1/1
   183 | D:1      | Reached XP level 2. HP: 19/19 MP: 2/2
   264 | D:1      | Found a faded altar of an unknown god.
   574 | D:1      | Reached XP level 3. HP: 13/23 MP: 3/3
   627 | D:1      | Learned a level 1 spell: Apportation
   882 | D:2      | Found Letzehuu's One-of-a-Kind Rings.
  1389 | D:2      | Reached skill level 1 in Translocations
  1389 | D:2      | Reached XP level 4. HP: 27/29 MP: 4/4
  1756 | D:3      | Found Rupole's Antique Armour Boutique.
  2560 | D:4      | Reached XP level 5. HP: 15/33 MP: 5/5
  2994 | D:4      | Found Koix's Vocational Training.
  3305 | D:4      | Found an ancient bone altar of Kikubaaqudgha.
  3305 | D:4      | Found a hide-covered altar of Uskayaw.
  3313 | D:4      | Found an ornate altar of the Wu Jian Council.
  3315 | D:4      | Found a radiant altar of Vehumet.
  3317 | D:4      | Found a blossoming altar of Fedhas.
  3397 | D:5      | Entered Level 5 of the Dungeon
  3447 | D:5      | Reached XP level 6. HP: 30/38 MP: 6/6
  3546 | D:5      | Noticed Duvessa
  3549 | D:5      | Noticed Dowan
  3560 | D:5      | Killed Duvessa
  3566 | D:5      | Killed Dowan
  3594 | D:5      | Reached XP level 7. HP: 21/43 MP: 7/7
  3596 | D:5      | HP: 2/43 [hound (3)]
  3598 | D:5      | Mangled by a gnoll

Illustrated notes

Levels and vault maps discovered:
D:1:      wander_arrival_desolate, layout_basic,
          nicolae_ecumenical_snake_handling, st_stairs_1, minmay_domino_2
D:2:      minmay_diamond_boxcup, layout_basic, minmay_misc_feat_square,
          chequers_serial_rivers_small_3, nrook_mini_backslash,
          hangedman_decor_push, st_stairs_5, nicolae_shop_unique_rings,
          minmay_randomly_rotated_circles
D:3:      layout_basic, serial_shops, nicolae_shop_stone,
          chequers_serial_rivers_small_b, hangedman_decor_points
D:4:      layout_cave_pools, chequers_temple_overflow_minitemple,
          nicolae_shop_vocational
D:5:      kennysheep_steamy, layout_rooms, uniq_duvessa

Skill      XL: |  1  2  3  4  5  6 |
---------------+-------------------+-----
Axes           | 2 3 4 |  4.4
Translocations | 1 2 |  2.4
Armour         | 4 |  4.6
Fighting       | 4 |  4.1
Shields        | |  3.8
Evocations     | |  0.9

Action                     |  1- 3 |  4- 6 |  7- 9 || total
---------------------------+-------+-------+-------++-------
  Melee: War axe           |    97 |   129 |     3 ||   229
    Use: Scroll            |     9 |       |       ||     9
         Potion            |       |     2 |     1 ||     3
 Armour: Scale mail        |    72 |    22 |       ||    94
         Chain mail        |       |    84 |     4 ||    88
  Dodge: Dodged            |    55 |    82 |     3 ||   140
  Block: Buckler           |    32 |    29 |     3 ||    64

Table legend: (Time is in decaauts)
 A = Elapsed time spent in this place.
 B = Non-inter-level travel time spent in this place.
 C = Inter-level travel time spent in this place.
 D = Time resting spent in this place.
 E = Time spent auto-exploring this place.
 F = Levels seen in this place.
 G = Mean time per level.
                   A        B        C        D        E       F      G
               +--------+--------+--------+--------+--------+-----+--------+
         Total |   3687 |   3564 |    123 |    298 |   2578 |   5 |  737.4 |
       Dungeon |   3687 |   3564 |    123 |    298 |   2578 |   5 |  737.4 |
               +--------+--------+--------+--------+--------+-----+--------+

Top non-repeatable levels by time:
     D:2: 960 daAuts
     D:4: 892 daAuts
     D:3: 817 daAuts
     D:1: 807 daAuts
     D:5: 209 daAuts
